Map: Hard Lead LE

Players

Bitcoin

  • Race: Zerg Zerg
  • League: Master
  • Spawn Location: 11:00

Jaedolph - Winner!

  • Race: Terran Terran
  • League: Master
  • Spawn Location: 5:00

VOD

Have the link to the VOD?

Description

Time

  • Played on: Jan. 19, 2024, 8:07 p.m.
  • Length: 21:15
Show
View Real Time Build Order
Export as new Build Order

Bitcoin Zerg 

Build Orders: Hatch First 

Get SALT Encoding   

  12  0:00  Drone  
  13  0:12  Overlord  
  13  0:17  Drone  
  14  0:30  Drone x2  
  16  0:48  Hatchery  
  15  0:51  Drone  
  15  0:55  Drone  
  17  0:58  Drone  
  18  1:09  Extractor  
  17  1:14  Spawning Pool  
  17  1:17  Drone  
  17  1:20  Drone  
  18  1:27  Drone  
  19  1:38  Drone  
  20  1:49  Overlord  
  20  2:00  Queen x2  
  24  2:01  Zergling x4  
  26  2:20  Hatchery  
  25  2:25  Metabolic Boost  
  25  2:29  Drone  
  26  2:33  Drone  
  26  2:35  Drone  
  27  2:43  Drone x3  
  30  2:45  Drone  
  31  2:52  Drone  
  31  2:55  Drone x2  
  34  3:02  Extractor, Queen  
  36  3:07  Overlord  
  36  3:10  Overlord  
  36  3:26  Drone x2  
  38  3:27  Drone x3  
  38  3:32  Drone  
  38  3:33  Queen  
  44  3:40  Drone  
  45  3:43  Queen  
  45  3:48  Zergling x8  
  50  3:49  Zergling x2  
  50  3:53  Drone x2  
  54  3:57  Overlord  
  54  3:59  Overlord  
  54  4:00  Drone  
  55  4:05  Drone  
  56  4:12  Spore Crawler  
  56  4:13  Spore Crawler  
  56  4:15  Drone x2  
  56  4:17  Spore Crawler  
  56  4:18  Drone x3  
  56  4:19  Drone x4  
  56  4:23  Queen  
  66  4:27  Drone x2  
  66  4:28  Lair  
  68  4:35  Evolution Chamber  
  68  4:37  Drone x2  
  68  4:38  Drone  
  70  4:40  Evolution Chamber  
  70  4:42  Drone  
  70  4:45  Spore Crawler  
  69  4:48  Spore Crawler  
  69  4:50  Spore Crawler  
  67  4:53  Extractor  
  67  4:54  Baneling Nest  
  67  4:55  Overlord x2  
  65  5:02  Drone x6  
  65  5:03  Drone  
  72  5:08  Zerg Ground Armor Level 1  
  72  5:13  Drone x4  
  72  5:14  Drone x2  
  78  5:19  Extractor  
  74  5:35  Drone x3  
  74  5:36  Drone x4  
  74  5:38  Drone x3  
  78  5:44  Drone x2  
  78  5:48  Extractor, Drone  
  78  5:49  Drone, Extractor  
  77  5:50  Extractor  
  77  5:52  Drone x5  
  77  5:53  Drone x2  
  82  5:57  Hatchery  
  82  5:58  Centrifugal Hooks  
  82  5:59  Zerg Melee Weapons Level 1  
  82  6:00  Zergling x2  
  82  6:25  Overlord x2  
  78  6:26  Drone x4  
  82  6:35  Hatchery  
  82  6:36  Pneumatized Carapace  
  82  6:37  Hatchery  
  82  6:38  Drone x2, Overlord x2  
  82  6:39  Overlord  
  82  6:45  Zergling x6  
  82  6:46  Zergling x10  
  90  6:54  Zergling x10  
  90  6:55  Overseer  
  94  7:05  Drone  
  94  7:06  Infestation Pit  
  94  7:09  Drone  
  94  7:10  Drone x7  
  94  7:11  Queen  
  104  7:16  Zergling x6  
  104  7:17  Baneling x14  
  104  7:18  Hatchery  
  104  7:20  Overlord  
  106  7:30  Overlord x2  
  106  7:31  Zergling x2  
  106  7:32  Zergling x12  
  106  7:35  Queen  
  115  7:38  Queen  
  115  7:43  Zerg Ground Armor Level 2  
  117  7:46  Hive  
  117  7:48  Queen  
  119  7:56  Zergling x14  
  126  8:03  Drone x6  
  126  8:05  Drone x4  
  136  8:11  Zergling x2  
  136  8:12  Zergling x12  
  143  8:13  Baneling  
  143  8:14  Baneling x4  
  143  8:17  Overseer  
  143  8:22  Zergling x16  
  148  8:41  Overlord  
  148  8:42  Overlord x3, Hatchery  
  148  8:47  Zerg Melee Weapons Level 2  
  147  8:49  Zergling x24  
  159  8:56  Hatchery  
  159  8:57  Zergling x4  
  159  9:01  Zergling x2  
  159  9:02  Zergling x10  
  166  9:09  Hatchery  
  164  9:15  Overlord x2  
  156  9:25  Drone  
  156  9:27  Zergling x14  
  156  9:28  Zergling x30  
  159  9:42  Baneling  
  159  9:43  Baneling x11  
  148  9:50  Overseer  
  144  9:53  Zergling x2  
  144  9:54  Zergling x20  
  129  10:00  Drone x4  
  125  10:11  Zergling x2  
  125  10:12  Zergling x10, Hatchery  
  130  10:18  Adrenal Glands  
  130  10:21  Ultralisk Cavern  
  130  10:26  Hatchery  
  127  10:39  Zerg Ground Armor Level 3, Overseer  
  127  10:40  Overseer  
  127  10:43  Drone x10, Queen  
  127  10:49  Zergling x10  
  145  10:50  Zergling x4  
  147  10:57  Drone  
  147  10:59  Drone  
  147  11:00  Drone x5  
  147  11:04  Baneling  
  153  11:11  Burrow  
  153  11:12  Zerg Melee Weapons Level 3  
  153  11:13  Chitinous Plating  
  153  11:18  Ultralisk  
  159  11:32  Baneling x11  
  155  11:33  Baneling x6  
  155  11:34  Ultralisk  
  141  11:53  Zergling x4  
  141  11:54  Zergling x34  
  147  12:01  Zergling x2  
  147  12:02  Zergling x12  
  149  12:08  Zergling x2  
  149  12:09  Zergling x14  
  141  12:17  Zergling x8  
  141  12:18  Zergling x12  
  138  12:24  Zergling x12  
  141  12:32  Zergling x14, Drone  
  141  12:34  Zergling x4  
  151  12:41  Zergling x14  
  143  12:49  Zergling x14  
  139  12:53  Drone  
  139  12:54  Drone  
  139  13:04  Drone x3  
  142  13:09  Zergling x4  
  142  13:10  Zergling x12  
  150  13:16  Hatchery  
  150  13:20  Zergling x20  
  150  13:24  Zergling x6  
  159  13:34  Zergling x16  
  152  13:40  Ultralisk  
  155  13:48  Zergling x22  
  142  14:03  Zergling x2  
  142  14:04  Zergling x24  
  142  14:08  Drone  
  142  14:09  Drone x3  
  155  14:17  Zergling x12  
  155  14:18  Zergling x2  
  149  14:33  Overseer x2  
  149  14:37  Zergling x26  
  161  15:05  Hatchery  
  160  15:08  Ultralisk x3  
  178  15:15  Hatchery  
  178  15:17  Zergling x14  
  180  15:28  Zergling x18  
  164  15:41  Zergling x10  
  164  15:42  Zergling x12  
  143  15:52  Zergling x14  
  130  16:05  Zergling x14  
  130  16:09  Zergling x2  
  130  16:20  Zergling x14  
  123  16:35  Drone x2  
  125  16:40  Baneling x13  
  125  16:41  Baneling x9  
  125  16:48  Zergling x12  
  131  16:55  Zergling x12  
  131  16:57  Drone  
  131  16:58  Drone  
  139  17:03  Zergling x10  
  144  17:11  Overseer  
  144  17:12  Overseer  
  138  17:19  Zergling x18  
  138  17:20  Zergling x4  
  143  17:37  Zergling x24  
  137  17:49  Drone  
  137  17:50  Drone x6  
  137  17:51  Drone  
  143  17:54  Drone x2  
  144  18:07  Zergling x12  
  149  18:33  Zergling x20  
  149  18:34  Zergling x12  
  137  19:10  Zergling x18  
  137  19:11  Zergling x8  
  137  19:13  Hatchery  
  148  19:23  Zergling x8  
  125  19:44  Zergling x6  
  125  19:45  Zergling x8  
  113  19:56  Zergling x2  
  113  19:57  Zergling x8  
  117  20:08  Zergling x12  
  117  20:11  Zergling x2  
  114  20:31  Zergling x22, Baneling x2  
  88  20:43  Zergling x10  
  92  20:51  Zergling x2  
  92  20:52  Zergling x2  
Show
View Real Time Build Order
Export as new Build Order

Jaedolph Terran - Winner!

Build Orders: Reaper Expand, Hellion Banshee 

Get SALT Encoding   

  12  0:00  SCV  
  13  0:12  SCV  
  14  0:17  Supply Depot  
  14  0:24  SCV  
  15  0:38  SCV  
  15  0:40  Barracks  
  16  0:43  Refinery  
  16  0:51  SCV  
  16  0:53  Refinery  
  17  1:03  SCV  
  18  1:15  SCV  
  19  1:27  Orbital Command  
  19  1:28  Reaper  
  20  1:42  Command Center  
  20  1:50  Supply Depot  
  20  1:53  SCV  
  21  2:00  Marine  
  22  2:05  SCV  
  23  2:15  Factory  
  23  2:17  SCV  
  23  2:21  Barracks Reactor  
  24  2:33  SCV  
  25  2:43  Command Center  
  25  2:46  SCV  
  26  2:55  Orbital Command  
  26  2:59  SCV  
  27  3:05  Starport  
  27  3:11  SCV  
  28  3:14  Refinery  
  28  3:21  Hellion x2  
  28  3:22  SCV  
  28  3:23  Barracks Tech Lab, SCV  
  34  3:34  SCV  
  35  3:35  SCV  
  36  3:45  Hellion x2  
  36  3:46  SCV  
  41  3:50  Banshee  
  41  3:53  SCV  
  41  3:55  Orbital Command, Marine  
  46  4:00  Cloaking Field  
  46  4:01  SCV  
  47  4:05  SCV  
  48  4:13  SCV  
  48  4:16  Hellion x2  
  53  4:22  SCV x2  
  55  4:25  Barracks Tech Lab, SCV  
  56  4:32  Supply Depot  
  56  4:33  Banshee  
  56  4:34  SCV x2, Supply Depot  
  61  4:51  Orbital Command  
  61  4:54  Stimpack, SCV x2, Marine  
  64  5:02  Barracks  
  64  5:05  Refinery, Factory Reactor, Engineering Bay  
  64  5:06  Refinery, SCV, Engineering Bay  
  65  5:07  Supply Depot, SCV  
  65  5:08  Supply Depot  
  66  5:16  Barracks  
  64  5:29  Marine  
  61  5:42  Starport Reactor  
  59  5:48  Terran Infantry Weapons Level 1, Terran Infantry Armor Level 1  
  57  5:50  SCV x3  
  57  5:51  Marine x2  
  57  5:53  Barracks  
  59  5:57  Supply Depot  
  59  5:58  Siege Tank  
  59  5:59  Marine  
  59  6:00  Supply Depot  
  59  6:02  SCV x2  
  59  6:03  SCV  
  66  6:05  Barracks  
  66  6:12  Marine  
  66  6:14  SCV x2  
  69  6:23  Marine x4  
  69  6:24  Medivac  
  75  6:30  Marine  
  76  6:33  Combat Shield, SCV x3  
  76  6:36  Supply Depot  
  76  6:37  Supply Depot  
  76  6:39  Siege Tank  
  82  6:40  Marine  
  82  6:41  Marine x2  
  82  6:43  Marine  
  82  6:45  SCV x2  
  89  6:47  SCV  
  89  6:48  Marine  
  90  6:55  Barracks Reactor  
  90  6:57  SCV  
  90  6:58  Marine, SCV  
  90  6:59  SCV  
  90  7:00  Command Center  
  94  7:04  Barracks Reactor  
  94  7:05  Barracks  
  94  7:06  Factory  
  94  7:08  Barracks x2, Refinery  
  94  7:09  Marine x3, SCV, Refinery  
  94  7:10  SCV, Marine  
  94  7:11  Medivac  
  102  7:16  Marine  
  102  7:18  SCV  
  102  7:21  SCV  
  102  7:22  SCV  
  106  7:26  Medivac  
  106  7:27  Marine x4  
  112  7:30  SCV, Supply Depot  
  112  7:33  SCV  
  112  7:34  SCV  
  112  7:35  Supply Depot  
  115  7:41  Marine x5  
  115  7:43  Medivac, Widow Mine, SCV  
  125  7:51  Marine x4  
  128  7:58  Marine  
  128  7:59  Marine  
  128  8:00  Barracks Tech Lab x2  
  128  8:03  Barracks Tech Lab  
  129  8:07  Supply Depot, Marine x3  
  129  8:08  Factory Reactor, Supply Depot  
  129  8:09  Marine, Widow Mine  
  129  8:12  Armory  
  135  8:16  Marine x3  
  135  8:17  Medivac x2, Marine x2  
  144  8:36  Marine  
  144  8:37  Marauder x2, Marine x4  
  144  8:38  Siege Tank, Marine x3, Marauder x2  
  163  8:42  SCV x3  
  166  8:49  Widow Mine  
  166  8:50  Widow Mine  
  166  8:52  Supply Depot  
  166  8:54  SCV x2  
  172  8:58  Supply Depot  
  172  9:00  Supply Depot  
  172  9:02  Supply Depot  
  172  9:06  Planetary Fortress  
  172  9:13  Marine x4  
  172  9:14  Marauder x2  
  180  9:19  Marine x4  
  180  9:20  Marauder x2  
  180  9:23  Widow Mine x3  
  180  9:24  Medivac x2  
  198  9:31  Marine x2  
  198  9:33  Terran Infantry Weapons Level 2, Terran Infantry Armor Level 2  
  198  9:37  Marine x3  
  199  9:41  Marauder  
  183  9:45  Refinery  
  176  9:53  Marine x2  
  176  9:55  Marine x4  
  176  9:56  Marauder x3, Marine  
  148  10:07  Marine x2  
  148  10:11  Marine x2  
  148  10:13  Marine x2  
  160  10:14  Widow Mine x3  
  160  10:17  Marauder  
  160  10:18  Marauder x2  
  166  10:26  Marauder  
  168  10:28  SCV x3  
  173  10:35  Widow Mine  
  173  10:36  Drilling Claws  
  173  10:38  Medivac x2, Widow Mine x2  
  173  10:39  Marauder, Marine x5  
  173  10:40  Marauder x2, Marine  
  173  10:42  Ghost Academy  
  189  10:45  Marine x2, Refinery  
  189  10:47  Marauder  
  193  10:50  Supply Depot  
  193  10:57  Marine x3  
  193  10:59  Supply Depot  
  193  11:00  Supply Depot  
  196  11:05  Supply Depot  
  196  11:07  Supply Depot  
  196  11:12  Marauder x2  
  200  11:26  Marine x2  
  200  11:27  Factory x2  
  200  11:40  Marine  
  200  11:42  Marauder  
  200  11:51  Marauder  
  189  12:07  Marauder x3, Marine x4  
  199  12:12  Marauder  
  178  12:25  Marine  
  178  12:26  Marine x6  
  178  12:27  Widow Mine x2  
  178  12:28  Marauder, Widow Mine  
  178  12:29  Liberator, Marauder  
  198  12:34  Marauder  
  200  12:50  Marauder x2  
  192  12:55  Ghost x2  
  192  12:57  Siege Tank, Widow Mine  
  192  12:58  Widow Mine  
  199  13:02  Command Center  
  199  13:05  Command Center, Refinery  
  199  13:06  Command Center  
  199  13:09  Marine  
  200  13:13  Factory Tech Lab  
  200  13:14  Factory Tech Lab  
  200  13:17  Fusion Core  
  160  13:49  Marine x2  
  160  13:50  Marauder x3  
  160  13:54  Marine  
  160  13:55  Marauder, Marine x5  
  146  14:11  Marauder x3  
  146  14:14  Marine x6  
  146  14:15  Marine  
  146  14:16  Siege Tank x2  
  146  14:17  Medivac x2, Marauder, Widow Mine x2  
  166  14:19  Terran Infantry Weapons Level 3  
  166  14:23  Engineering Bay  
  162  14:24  Supply Depot  
  162  14:25  SCV  
  162  14:27  SCV  
  159  14:31  SCV x2  
  159  14:32  Marauder x2  
  159  14:33  Marauder  
  159  14:37  SCV  
  168  14:39  SCV  
  168  14:43  SCV x2  
  168  14:44  Ghost  
  168  14:45  Marine x6  
  171  14:46  Marine  
  171  14:49  SCV  
  175  14:53  Ghost x2  
  175  14:54  Marauder  
  175  14:59  SCV x3  
  184  15:01  SCV  
  184  15:05  Marine  
  184  15:06  Marine x3  
  184  15:07  Siege Tank, Marine x4  
  189  15:08  Siege Tank  
  189  15:11  SCV  
  189  15:13  Marauder  
  196  15:15  Marauder  
  194  15:22  Ghost, Marauder  
  179  15:30  Marine x3  
  179  15:32  Widow Mine x2  
  179  15:35  Marauder  
  185  15:37  Marauder  
  168  15:44  Marauder  
  168  15:51  Marauder  
  168  15:55  Marine x5  
  168  15:56  Marauder, Marine  
  178  15:58  Marauder  
  173  16:05  Marauder  
  129  16:12  Marauder  
  129  16:15  Marine x5  
  129  16:16  Marine x3  
  129  16:17  Marauder  
  133  16:20  Orbital Command, Marauder  
  133  16:26  Marauder  
  135  16:34  Marauder  
  135  16:36  SCV  
  135  16:39  Marauder  
  140  16:40  Planetary Fortress  
  140  16:41  Marauder  
  142  16:47  Orbital Command  
  142  16:48  Marauder, SCV  
  142  16:51  Refinery  
  145  16:55  Marauder  
  145  16:56  Terran Infantry Armor Level 3, Marine x4  
  145  16:57  Marine x3  
  145  17:00  Marauder, SCV  
  157  17:02  Marauder  
  158  17:09  Marauder  
  158  17:12  SCV  
  133  17:34  SCV  
  123  17:46  SCV, Marine x2  
  123  17:47  SCV  
  123  17:59  SCV  
  123  18:03  Marine x2  
  123  18:04  Marauder x2, Marine x6  
  123  18:05  Marauder x2  
  140  18:21  Marine  
  141  18:31  Marine  
  141  18:32  Marine  
  141  18:55  Marine  
  141  18:56  Marine  
  141  18:57  Widow Mine  
  141  19:01  Marine x4  
  141  19:12  Widow Mine  
  141  19:14  Orbital Command  
  141  19:18  Marauder  
  141  19:20  Marauder  
  141  19:21  Marine, Marauder  
  118  19:39  Orbital Command  
  106  19:55  Orbital Command  
  106  20:00  Orbital Command  
Tags
 
Add a new tag
Caveats
  • Supply blocks, unpowered buildings, or Contaminate may cause inaccurate times.
  • Supply counts are checked every 10 seconds.